[Event "Titled Tuesday Blitz January 10 Late 2023"]
[White "Kleiman, Jake"]
[Black "Tologon tegin, Semetei"]
[WhiteFideId "2020041"]
[BlackFideId "13800574"]
[WhiteElo "2399"]
[BlackElo "2372"]
[Result "0-1"]
[Round "08"]
[TimeControl "180+2"]
[Date "2023.01.10"]
[WhiteClock "0:00:09"]
[BlackClock "0:00:04"]

1. e4 c6 2. Nc3 d5 3. Nf3 Bg4 4. h3 Bxf3 5. Qxf3 e6 6. a3 Nf6 7. d3 Be7 8. g3 O-O 9. Bg2 Nbd7 10. O-O Qb6 11. Qe2 Rfc8 12. Kh1 dxe4 13. dxe4 e5 14. Rb1 a5 15. Be3 Qc7 16. Rbd1 Bc5 17. Bg5 Bd4 18. Qf3 h6 19. Bc1 b5 20. Ne2 Bb6 21. g4 Nf8 22. h4 Ng6 23. Qg3 Rd8 24. g5 hxg5 25. hxg5 Nh5 26. Qg4 Nhf4 27. Bf3 Rxd1 28. Rxd1 Rd8 29. Rxd8+ Qxd8 30. Nxf4 exf4 31. Bxf4 Bxf2 32. Kg2 Be1 33. Be3 Bd2 34. Bf2 Bxg5 35. Qf5 Nf4+ 36. Kf1 Ne6 37. e5 c5 38. Qe4 b4 39. a4 g6 40. b3 Qd2 41. Be2 Nf4 42. Bc4 Qc1+ 43. Be1 Kg7 44. e6 Nxe6 45. Bxe6 fxe6 46. Qxe6 Qf4+ 47. Ke2 Qf6 48. Qd7+ Qe7+ 49. Qxe7+ Bxe7 50. Kd3 Kf6 51. Kc4 Ke5 52. Kb5 Kd5 53. Kxa5 Kc6 54. Bg3 g5 55. Ka6 g4 56. a5 Bd8 57. Bf4 Bh4 58. Ka7 g3 59. Be3 g2 60. a6 Bf6 61. Kb8 Be5+ 62. Kc8 Kb6 63. Bxc5+ Kxc5 64. a7 g1=Q 65. a8=Q Qg8+ 66. Kb7 Qd5+ 67. Ka7 Qd4 68. Qc8+ Kb5+ 69. Ka8 Qd5+ 70. Ka7 Bd4+ 71. Kb8 Qd6+ 72. Ka8 Qa6+ 73. Qxa6+ Kxa6 74. Kb8 Kb5 75. Kc7 Kc5 76. Kb7 Bc3 77. Ka6 Kd4 78. Kb5 Ke3 0-1


[Site "https://www.chess.com"]

[Event "Titled Tuesday Blitz January 10 Late 2023"]
[White "Hamley, Ryan"]
[Black "Defend, Balint"]
[WhiteFideId "30959497"]
[BlackFideId "17004853"]
[WhiteElo "2092"]
[BlackElo "1673"]
[Result "0-1"]
[Round "08"]
[TimeControl "180+2"]
[Date "2023.01.10"]
[WhiteClock "0:00:05"]
[BlackClock "0:00:06"]

1. d4 Nf6 2. c4 e6 3. Nf3 b6 4. g3 Bb7 5. Bg2 Be7 6. O-O O-O 7. Nc3 Ne4 8. Bd2 d5 9. cxd5 exd5 10. Be1 Nd7 11. Nd2 Nd6 12. Nxd5 Bg5 13. Nc3 Bxg2 14. Kxg2 c5 15. dxc5 Nxc5 16. Nf3 Bf6 17. Bd2 Nc4 18. Qc2 Nxd2 19. Qxd2 g6 20. Rad1 Re8 21. Nd5 Bg7 22. Qf4 Ne6 23. Qa4 Bxb2 24. Rd2 Bg7 25. Rfd1 Qc8 26. e3 Nc5 27. Qc4 Qb7 28. Kg1 Rac8 29. Qf4 Re4 30. Qd6 Re6 31. Qf4 Ne4 32. Rd3 h6 33. h4 Nc5 34. R3d2 Re4 35. Nf6+ Bxf6 36. Qxf6 Re6 37. Qf4 Qe4 38. Nd4 Qxf4 39. gxf4 Re7 40. Rc2 Rce8 41. Kg2 h5 42. Kf3 Kg7 43. f5 Kf6 44. Rg1 gxf5 45. Rg5 Ne4 46. Rxf5+ Kg6 47. Rf4 f6 48. Rc6 Re5 49. Ke2 Ra5 50. Kf3 Nd2+ 51. Kg2 Ne4 52. Rc2 Ra3 53. f3 Nc5 54. e4 Re5 55. Nf5 Nd3 56. Kg3 Nxf4 57. Kxf4 Ra4 58. Ke3 Kf7 59. Rc7+ Kf8 60. Rc8+ Re8 61. Rc7 Rxa2 62. Nd6 Re5 63. f4 Rc5 64. Rf7+ Kg8 65. Rxf6 a5 66. e5 a4 67. e6 Rc1 68. Ne4 Re1+ 69. Kd4 Rae2 70. Ng5 a3 71. Rg6+ Kf8 72. Rf6+ Ke8 73. Rh6 a2 74. Rh8+ Ke7 75. Rh7+ Kd6 76. Ra7 a1=Q+ 77. Rxa1 Rxa1 78. f5 Rd1+ 79. Kc3 b5 80. Nf3 Re3+ 81. Kc2 Rd5 82. e7 Rxe7 0-1


[Site "https://www.chess.com"]

[Event "Titled Tuesday Blitz January 10 Late 2023"]
[White "Solon, Nathan"]
[Black "Ladan, Nicholas"]
[WhiteFideId "2017229"]
[BlackFideId "30918855"]
[WhiteElo "2306"]
[BlackElo "2228"]
[Result "1-0"]
[Round "08"]
[TimeControl "180+2"]
[Date "2023.01.10"]
[WhiteClock "0:01:28"]
[BlackClock "0:00:45"]

1. Nf3 d5 2. g3 g6 3. c4 c6 4. Qa4 dxc4 5. Qxc4 Nf6 6. Bg2 Bg7 7. O-O O-O 8. d4 Nbd7 9. Nc3 a5 10. a4 Nb6 11. Qb3 Nbd5 12. Rd1 Be6 13. Ng5 Nxc3 14. Qxc3 Bg4 15. Nf3 Nd5 16. Qb3 Nb4 17. Bd2 Bxf3 18. Bxf3 Qxd4 19. Bc3 Qb6 20. Rd7 Rfe8 21. Rad1 Rad8 22. h4 h5 23. Kg2 Qc5 24. Rxd8 1-0


[Site "https://www.chess.com"]

[Event "Titled Tuesday Blitz January 10 Late 2023"]
[White "reevecanada"]
[Black "Hsu, Li Yang"]
[BlackFideId "5800080"]
[WhiteElo "2497"]
[BlackElo "2427"]
[Result "0-1"]
[Round "08"]
[TimeControl "180+2"]
[Date "2023.01.10"]
[WhiteClock "0:01:48"]
[BlackClock "0:01:36"]

1. e4 c6 2. Nf3 d5 3. Nc3 Bg4 4. exd5 cxd5 5. Bb5+ Nc6 6. d4 e6 7. h3 Bxf3 8. Qxf3 Bd6 9. O-O Ne7 10. Qg4 O-O 11. Bg5 Qc7 12. Bf6 Ng6 13. Bg5 Qb6 14. Be3 f5 15. Qe2 f4 16. Na4 Qc7 17. Bxc6 bxc6 18. Bd2 Rae8 19. Rfe1 f3 20. Qa6 fxg2 21. Qd3 Nh4 22. f4 Bxf4 23. Bxf4 Qxf4 24. Qe3 Nf3+ 25. Kxg2 Qh2+ 26. Kf1 Nd2# 0-1


[Site "https://www.chess.com"]

[Event "Titled Tuesday Blitz January 10 Late 2023"]
[White "Ismagilov, Damir"]
[Black "Pein, Jonathan"]
[WhiteFideId "34199982"]
[BlackFideId "417092"]
[WhiteElo "2156"]
[BlackElo "2265"]
[Result "1-0"]
[Round "08"]
[TimeControl "180+2"]
[Date "2023.01.10"]
[WhiteClock "0:00:16"]
[BlackClock "0:00:14"]

1. e4 e5 2. Nf3 d6 3. d4 exd4 4. Nxd4 Nf6 5. Nc3 g6 6. Bg5 Bg7 7. Bc4 h6 8. Bh4 O-O 9. O-O Nc6 10. Nxc6 bxc6 11. Qd2 Nxe4 12. Nxe4 Qxh4 13. Bd3 Bxb2 14. Rab1 Bg7 15. Rb4 Qe7 16. Re1 Qd8 17. Ng3 Bd7 18. Rb7 Bc8 19. Rb4 c5 20. Rbb1 Be6 21. Red1 Bxa2 22. Rb5 Be6 23. Re1 Qd7 24. Ra5 Rfe8 25. h3 c6 26. c4 Reb8 27. Ra6 Rb2 28. Qf4 d5 29. cxd5 cxd5 30. Rd6 Qc7 31. Bxg6 Bf8 32. Rexe6 fxe6 33. Nh5 Qxd6 34. Qf7+ 1-0


[Site "https://www.chess.com"]

[Event "Titled Tuesday Blitz January 10 Late 2023"]
[White "Abrahamyan, Tatev"]
[Black "Martinez Reyes, Pedro Ramon"]
[WhiteFideId "13301918"]
[BlackFideId "3901807"]
[WhiteElo "2294"]
[BlackElo "2376"]
[Result "0-1"]
[Round "08"]
[TimeControl "180+2"]
[Date "2023.01.10"]
[WhiteClock "0:00:01"]
[BlackClock "0:00:09"]

1. e4 e6 2. d4 d5 3. Nc3 Nf6 4. exd5 exd5 5. Bg5 Be7 6. Qd2 c6 7. O-O-O O-O 8. Bd3 b5 9. Nf3 b4 10. Na4 Ba6 11. Rde1 Bxd3 12. Qxd3 Ne4 13. Bxe7 Qxe7 14. Nd2 Qg5 15. h4 Qh6 16. Re2 Nd7 17. Rhe1 Nb6 18. Nc5 Nxd2 19. Qxd2 Qxh4 20. g3 Qg4 21. Qxb4 Nc4 22. b3 a5 23. Qc3 Nd6 24. a4 f5 25. Re6 Ne4 26. Nxe4 fxe4 27. Qxc6 Rad8 28. Rd6 Qg5+ 29. Kb1 Rxd6 30. Qxd6 Rxf2 31. Qe6+ Kf8 32. Qc8+ Kf7 33. Qc7+ Kg6 34. Qxa5 e3 35. Qc3 Rf3 36. a5 Qxg3 37. a6 e2 38. Qc6+ Rf6 39. Qxd5 Qxe1+ 40. Kb2 Qg3 41. Qe4+ Kh6 42. Qxe2 Qd6 43. Qd2+ g5 44. a7 Qa6 45. Qh2+ Kg6 46. Qc7 Rf1 47. Kc3 Rf3+ 48. Kb2 Rf1 49. Kc3 Ra1 50. Qd7 Qxa7 51. Qe6+ Kg7 52. Qe5+ Kf7 53. Qf5+ Ke8 54. Qxg5 Ra6 55. Qg8+ Kd7 56. Qxh7+ Kc6 57. Qg6+ Kb7 58. Qf7+ Ka8 59. Qe8+ Qb8 60. Qe4+ Qb7 61. Qe8+ Ka7 62. Kb2 Rd6 63. Qa4+ Qa6 64. Qb4 Qb6 65. Qa4+ Kb7 66. c3 Rf6 67. Qc4 Rf2+ 68. Kc1 Qd6 69. Qb5+ Kc7 70. Qa5+ Kb7 71. Qb5+ Kc8 72. Qe8+ Kc7 73. Qe3 Qf4 74. Qxf4+ Rxf4 75. Kd2 Rf3 76. Kc2 Kc6 77. b4 Kd5 78. Kb3 Rd3 79. b5 Rd1 80. Kb4 Rb1+ 81. Ka5 Kc4 0-1


[Site "https://www.chess.com"]

[Event "Titled Tuesday Blitz January 10 Late 2023"]
[White "Chor, Kevin"]
[Black "Kaplan, Avi Harrison"]
[WhiteFideId "2090740"]
[BlackFideId "30934559"]
[WhiteElo "1944"]
[BlackElo "2146"]
[Result "1-0"]
[Round "08"]
[TimeControl "180+2"]
[Date "2023.01.10"]
[WhiteClock "0:01:09"]
[BlackClock "0:00:06"]

1. e4 c5 2. Nf3 d6 3. d4 cxd4 4. Nxd4 Nf6 5. Nc3 a6 6. Be2 e5 7. Nb3 Be7 8. Be3 O-O 9. O-O Bd7 10. Kh1 Bc6 11. Nd5 Nxd5 12. exd5 Be8 13. Qd2 Nd7 14. Na5 Qc7 15. c4 f5 16. f3 Bd8 17. b4 Rc8 18. Rac1 Qb8 19. c5 Bxa5 20. bxa5 Nxc5 21. Bxc5 Rxc5 22. Rxc5 dxc5 23. d6 Bc6 24. Bc4+ Kh8 25. Re1 Rd8 26. Rd1 e4 27. fxe4 Bxe4 28. h3 Qc8 29. Qg5 f4 30. Be6 Qa8 31. Qxf4 b5 32. axb6 Bxg2+ 33. Kh2 Rf8 34. Qg3 Be4 35. d7 Bc2 36. b7 Qd8 37. b8=Q Bxd1 38. Qxd8 Rxd8 39. Qc7 Rxd7 40. Qc8+ Rd8 41. Qxd8# 1-0


[Site "https://www.chess.com"]

[Event "Titled Tuesday Blitz January 10 Late 2023"]
[White "Malka, Samuel"]
[Black "Rastbod, Ali"]
[WhiteFideId "20643675"]
[BlackFideId "12567477"]
[WhiteElo "2165"]
[BlackElo "2318"]
[Result "1-0"]
[Round "08"]
[TimeControl "180+2"]
[Date "2023.01.10"]
[WhiteClock "0:01:42"]
[BlackClock "0:01:40"]

1. d4 e6 2. c4 c5 3. d5 exd5 4. cxd5 d6 5. Nf3 g6 6. Nc3 Bg7 7. Bf4 a6 8. a4 Nf6 9. e3 O-O 10. h3 Re8 11. Be2 Qc7 12. Nd2 Nfd7 13. Nc4 Ne5 14. Bxe5 Bxe5 15. O-O Bg7 16. a5 Nd7 17. Na4 Ne5 18. Nab6 Rb8 19. Rb1 Bf5 20. Rc1 Qe7 21. Qd2 1-0


[Site "https://www.chess.com"]

[Event "Titled Tuesday Blitz January 10 Late 2023"]
[White "Djokic, Mihailo"]
[Black "Bochnicka, Vladimir"]
[WhiteFideId "976440"]
[BlackFideId "14943450"]
[WhiteElo "2192"]
[BlackElo "2327"]
[Result "1-0"]
[Round "08"]
[TimeControl "180+2"]
[Date "2023.01.10"]
[WhiteClock "0:01:43"]
[BlackClock "0:00:06"]

1. e4 c5 2. Nf3 Nc6 3. d4 cxd4 4. Nxd4 e5 5. Nb5 d6 6. c4 Be7 7. N1c3 a6 8. Na3 f5 9. exf5 Bxf5 10. Nd5 Nf6 11. Bd3 Be6 12. Nxf6+ Bxf6 13. O-O O-O 14. Be3 Qd7 15. Be4 Ne7 16. b3 Nf5 17. Nc2 Rad8 18. Bd5 Kh8 19. Bxe6 Qxe6 20. Nb4 Nxe3 21. fxe3 Bg5 22. Nd5 Rf5 23. Rxf5 Qxf5 24. Qf3 Qg6 25. Rf1 h6 26. e4 Rg8 27. Kh1 Qe8 28. g3 b5 29. h4 Bd8 30. Qf7 Qc6 31. cxb5 axb5 32. Rf2 Bb6 33. Qxg8+ Kxg8 34. Ne7+ 1-0


[Site "https://www.chess.com"]

[Event "Titled Tuesday Blitz January 10 Late 2023"]
[White "Pasti, Aron"]
[Black "Filgueira, Hernan"]
[WhiteFideId "785857"]
[BlackFideId "101770"]
[WhiteElo "2361"]
[BlackElo "2283"]
[Result "0-1"]
[Round "08"]
[TimeControl "180+2"]
[Date "2023.01.10"]
[WhiteClock "0:00:03"]
[BlackClock "0:00:20"]

1. e4 e6 2. d4 d5 3. Nc3 Bb4 4. e5 c5 5. Bd2 Nh6 6. a3 Bxc3 7. Bxc3 cxd4 8. Bxd4 Nc6 9. Nf3 Nf5 10. Bc5 b6 11. Bb5 Bd7 12. Bxc6 Bxc6 13. Bd4 Bb5 14. Qd2 O-O 15. g4 Nh4 16. Nxh4 Qxh4 17. O-O-O Rfc8 18. c3 Rc4 19. Rdg1 Rac8 20. Rg3 Qe7 21. Rh3 Be8 22. Qc2 h6 23. Qd2 b5 24. g5 Qxg5 25. Be3 Qf5 26. Bxh6 Qxh3 27. Rg1 g6 28. Rg3 Qf5 29. Bg5 Qxe5 30. Rf3 Qe4 31. Rh3 Qg4 32. Rh6 Rd4 33. Bf6 Qg1+ 34. Kc2 Rxd2+ 35. Kb3 Rxb2+ 0-1


[Site "https://www.chess.com"]

[Event "Titled Tuesday Blitz January 10 Late 2023"]
[White "Paszewski, Mateusz"]
[Black "Carbone, Diego"]
[WhiteFideId "1141058"]
[BlackFideId "3002179"]
[WhiteElo "2279"]
[BlackElo "2336"]
[Result "1-0"]
[Round "08"]
[TimeControl "180+2"]
[Date "2023.01.10"]
[WhiteClock "0:00:31"]
[BlackClock "0:00:31"]

1. Nf3 Nf6 2. g3 g6 3. b3 Bg7 4. Bb2 d6 5. d4 O-O 6. Bg2 Nbd7 7. O-O e5 8. dxe5 Ng4 9. c4 Ngxe5 10. Nxe5 Nxe5 11. Qd2 Rb8 12. Nc3 Be6 13. Rad1 a6 14. h3 b5 15. f4 Nd7 16. cxb5 axb5 17. e4 b4 18. Ne2 Bxb2 19. Qxb2 Nc5 20. e5 Rb6 21. Nd4 Qc8 22. Nc6 Re8 23. g4 Bd7 24. Nd4 dxe5 25. fxe5 Ne6 26. Qf2 Re7 27. Ne2 Bc6 28. Bxc6 Rxc6 29. Ng3 Qa6 30. Ne4 Qb6 31. Nf6+ Kg7 32. Qxb6 Rxb6 33. Nd5 Re8 34. Nxb6 cxb6 35. Rd7 Rf8 36. Rb7 h5 37. gxh5 gxh5 38. Rxb6 Ng5 39. h4 Ne4 40. Rxb4 Nc5 41. Rb5 Ne6 42. Rb7 Kg6 43. Rf6+ Kg7 44. Rxe6 1-0


[Site "https://www.chess.com"]

[Event "Titled Tuesday Blitz January 10 Late 2023"]
[White "Haszon, David"]
[Black "Sebag, Marie"]
[WhiteFideId "733610"]
[BlackFideId "617822"]
[WhiteElo "2264"]
[BlackElo "2430"]
[Result "1-0"]
[Round "08"]
[TimeControl "180+2"]
[Date "2023.01.10"]
[WhiteClock "0:00:27"]
[BlackClock "0:00:19"]

1. d4 Nf6 2. Bf4 g6 3. Nc3 Bg7 4. e4 d6 5. Qd2 a6 6. Bh6 Bxh6 7. Qxh6 b5 8. e5 Nfd7 9. Qg7 Rf8 10. Nf3 c5 11. dxc5 Nxc5 12. O-O-O b4 13. Nd5 Bb7 14. Bc4 Ne6 15. Qxh7 Qc8 16. Bb3 Nd7 17. exd6 exd6 18. Rhe1 Nc5 19. Bc4 Qc6 20. Nd4 Qc8 21. Nb6 Qd8 22. Nxe6 Nxe6 23. Bxe6 Qxb6 24. Bxf7+ Kd8 25. Qg7 Kc7 26. Bd5+ 1-0


[Site "https://www.chess.com"]

[Event "Titled Tuesday Blitz January 10 Late 2023"]
[White "Aldokhin, Ivan"]
[Black "Bon, Michael"]
[WhiteFideId "24115720"]
[BlackFideId "620696"]
[WhiteElo "2413"]
[BlackElo "2394"]
[Result "1-0"]
[Round "08"]
[TimeControl "180+2"]
[Date "2023.01.10"]
[WhiteClock "0:00:06"]
[BlackClock "0:00:06"]

1. e4 c5 2. Nf3 d6 3. d4 cxd4 4. Nxd4 Nf6 5. Nc3 Nc6 6. Bc4 Qb6 7. Nb3 e6 8. Be3 Qc7 9. Qe2 a6 10. O-O-O b5 11. Bd3 Be7 12. f4 O-O 13. g4 Na5 14. Kb1 Nc4 15. Bc1 Re8 16. h4 Bb7 17. g5 Nd7 18. g6 fxg6 19. h5 g5 20. fxg5 Nde5 21. Rdf1 b4 22. Nd1 a5 23. Nd4 Bf8 24. g6 h6 25. Rf7 Nxf7 26. gxf7+ Kxf7 27. Bxc4 d5 28. exd5 exd5 29. Qf3+ Kg8 30. Bd3 Qe5 31. Nf5 Ra7 32. Rg1 Kh8 33. Bf4 Qf6 34. Rg6 Qf7 35. Qg3 Bc8 36. Nxh6 gxh6 37. Be5+ Rxe5 38. Qxe5+ Bg7 39. Qb8 Rc7 40. Qb6 a4 41. Qxb4 Rb7 42. Rb6 Rxb6 43. Qxb6 Qb7 44. Qd8+ 1-0


[Site "https://www.chess.com"]

[Event "Titled Tuesday Blitz January 10 Late 2023"]
[White "Sargsyan, Anna M."]
[Black "Lacasa Diaz, Jose Antonio"]
[WhiteFideId "13308130"]
[BlackFideId "2203375"]
[WhiteElo "2375"]
[BlackElo "2359"]
[Result "1-0"]
[Round "08"]
[TimeControl "180+2"]
[Date "2023.01.10"]
[WhiteClock "0:00:12"]
[BlackClock "0:00:05"]

1. d4 d5 2. c4 e6 3. Nf3 c5 4. cxd5 exd5 5. Nc3 Nc6 6. g3 Nf6 7. Bg2 cxd4 8. Nxd4 Bc5 9. Nb3 Bb6 10. O-O d4 11. Na4 O-O 12. Bg5 Re8 13. Rc1 h6 14. Bf4 Nd5 15. Bd2 Bg4 16. Re1 d3 17. Bf3 dxe2 18. Bxe2 Rxe2 19. Rxe2 Qf6 20. Nxb6 axb6 21. Qf1 Bxe2 22. Qxe2 Ne5 23. f4 Nc6 24. Qb5 Rd8 25. Bc3 Nxc3 26. bxc3 Qe6 27. Qxb6 Qe2 28. Qf2 Qc4 29. Qe3 Rd3 30. Qe1 h5 31. Nd2 Qc5+ 32. Kg2 1-0


[Site "https://www.chess.com"]

[Event "Titled Tuesday Blitz January 10 Late 2023"]
[White "Osmonbekov, Talaibek"]
[Black "Denishev, Marat"]
[WhiteFideId "2017253"]
[BlackFideId "24131563"]
[WhiteElo "2137"]
[BlackElo "2255"]
[Result "0-1"]
[Round "08"]
[TimeControl "180+2"]
[Date "2023.01.10"]
[WhiteClock "0:00:01"]
[BlackClock "0:00:36"]

1. d4 Nf6 2. Bf4 c5 3. e3 Qb6 4. b3 cxd4 5. exd4 g6 6. Nf3 Bg7 7. Nbd2 O-O 8. Bd3 Nd5 9. Nc4 Qd8 10. Bd2 d6 11. O-O Nc6 12. c3 e5 13. Be4 Nde7 14. dxe5 d5 15. Bg5 h6 16. Bxe7 Nxe7 17. Bd3 dxc4 18. Bxc4 Bg4 19. Qe2 Nc6 20. e6 fxe6 21. Bxe6+ Bxe6 22. Qxe6+ Kh7 23. Rad1 Qf6 24. Qxf6 Rxf6 25. Rd7 b6 26. Rfd1 Re8 27. Kf1 Rfe6 28. Rc7 R8e7 29. Rc8 Bxc3 30. Rc1 Nd4 31. R8xc3 Ne2 32. Rc7 Nxc1 33. Rxc1 Rd7 34. h4 a5 35. Rc2 Kg7 36. Rc1 Ree7 37. h5 g5 38. g4 Rc7 39. Rd1 Rc2 40. Rd6 Rf7 0-1


[Site "https://www.chess.com"]

[Event "Titled Tuesday Blitz January 10 Late 2023"]
[White "Papasimakopoulos, Alexandros"]
[Black "Itkis, Boris"]
[WhiteFideId "4244125"]
[BlackFideId "1209167"]
[WhiteElo "2401"]
[BlackElo "2329"]
[Result "1-0"]
[Round "08"]
[TimeControl "180+2"]
[Date "2023.01.10"]
[WhiteClock "0:00:29"]
[BlackClock "0:00:08"]

1. d4 d5 2. c4 dxc4 3. Nf3 Nf6 4. e3 a6 5. Bxc4 e6 6. O-O b5 7. Be2 Bb7 8. a4 b4 9. b3 Nbd7 10. Bb2 Be7 11. Nbd2 O-O 12. Nc4 c5 13. Rc1 Rc8 14. Nfe5 Nxe5 15. dxe5 Nd5 16. Qd2 Qc7 17. e4 Nb6 18. Nd6 Rcd8 19. Qe3 Bxd6 20. exd6 Qxd6 21. Rxc5 Qd2 22. Bc1 Qd4 23. Qxd4 Rxd4 24. f3 Rc8 25. Rxc8+ Nxc8 26. Be3 Rd8 27. Rc1 f5 28. exf5 exf5 29. Rc4 a5 30. Rc5 Bd5 31. Rxa5 Bxb3 32. Ra8 Re8 33. Kf2 Nd6 34. Rxe8+ Nxe8 35. a5 Nc7 36. Bc5 Bd5 37. Bxb4 Bb7 38. Bd6 Na6 39. Bc4+ Kh8 40. Ke3 1-0


[Site "https://www.chess.com"]

[Event "Titled Tuesday Blitz January 10 Late 2023"]
[White "Gavilan Diaz, Mario"]
[Black "Preotu, Razvan"]
[WhiteFideId "2260905"]
[BlackFideId "2613280"]
[WhiteElo "2271"]
[BlackElo "2475"]
[Result "1/2-1/2"]
[Round "08"]
[TimeControl "180+2"]
[Date "2023.01.10"]
[WhiteClock "0:01:05"]
[BlackClock "0:01:12"]

1. d4 Nf6 2. c4 g6 3. Nc3 d5 4. cxd5 Nxd5 5. e4 Nxc3 6. bxc3 Bg7 7. Nf3 c5 8. Rb1 Nc6 9. d5 Ne5 10. Nxe5 Bxe5 11. c4 Qa5+ 12. Bd2 Qxa2 13. Bd3 Bd7 14. O-O Ba4 15. Qe2 b6 16. f4 Bd4+ 17. Kh1 Bc2 18. Rbc1 Bxd3 19. Qxd3 f6 20. e5 fxe5 21. fxe5 Bxe5 22. Qe4 Qxd2 23. Qxe5 O-O-O 24. Ra1 Rhf8 25. Qe6+ Kb8 26. Qe5+ Kc8 27. Qe6+ Kb8 28. Qe5+ Kc8 1/2-1/2


[Site "https://www.chess.com"]

[Event "Titled Tuesday Blitz January 10 Late 2023"]
[White "Haydon, David L"]
[Black "Abdulla, Murad"]
[WhiteFideId "415405"]
[BlackFideId "2403757"]
[WhiteElo "2253"]
[BlackElo "2307"]
[Result "1-0"]
[Round "08"]
[TimeControl "180+2"]
[Date "2023.01.10"]
[WhiteClock "0:01:04"]
[BlackClock "0:00:03"]

1. f4 d5 2. Nf3 Nf6 3. b3 c6 4. Bb2 Bg4 5. e3 Nbd7 6. Be2 e6 7. O-O Bd6 8. c4 O-O 9. Nc3 Re8 10. d4 dxc4 11. bxc4 c5 12. Ne5 Bxe2 13. Qxe2 Rc8 14. Rad1 Bf8 15. d5 Qb6 16. dxe6 Qxe6 17. Nd5 Nxe5 18. Nxf6+ gxf6 19. fxe5 fxe5 20. Rd5 f6 21. e4 a6 22. a4 Rcd8 23. Rfd1 Be7 24. h3 Rxd5 25. cxd5 Qd7 26. Rd3 c4 27. Rg3+ Kh8 28. Qxc4 Rc8 29. Qe2 b5 30. axb5 axb5 31. Qh5 Bd6 32. Qh6 Qf7 33. Rf3 Rf8 34. Rb3 b4 35. Bc1 Qc7 36. Rg3 Qf7 37. Bd2 Rg8 38. Rxg8+ Kxg8 39. Qe3 Qc7 40. Qg3+ Kf7 41. Qf3 Kg7 42. Qg4+ Kf7 43. Bh6 Ke8 44. Qg8+ Kd7 45. Qe6+ Kd8 46. Bg7 Be7 47. Bxf6 1-0


[Site "https://www.chess.com"]

[Event "Titled Tuesday Blitz January 10 Late 2023"]
[White "gshwbedhkhd"]
[Black "Barria Zuniga, Daniel"]
[BlackFideId "3400816"]
[WhiteElo "2527"]
[BlackElo "2341"]
[Result "1-0"]
[Round "08"]
[TimeControl "180+2"]
[Date "2023.01.10"]
[WhiteClock "0:00:02"]
[BlackClock "0:00:05"]

1. e4 c5 2. Nf3 Nc6 3. d4 cxd4 4. Nxd4 e6 5. Nc3 a6 6. Bf4 Na5 7. Bd3 b5 8. O-O Bb7 9. Re1 Ne7 10. a4 Ng6 11. Bg3 b4 12. Nd5 Rc8 13. Nf5 f6 14. Nd6+ Bxd6 15. Bxd6 exd5 16. exd5+ Kf7 17. Qh5 Nc4 18. Re7+ Qxe7 19. Bxe7 Kxe7 20. Re1+ Kd6 21. Bxg6 hxg6 22. Qxg6 Bxd5 23. Qxg7 Rhg8 24. Qxf6+ Kc5 25. f3 Rcf8 26. Qe7+ Kc6 27. b3 Bxf3 28. Re2 Bxe2 29. Qxe2 Nd6 30. Qxa6+ Kd5 31. Qa5+ Ke6 32. Qxb4 Rg5 33. Qe1+ Re5 34. Qd2 Ne4 35. Qd4 d5 36. h3 Rg5 37. g4 Rf3 38. c4 Rf4 39. cxd5+ Kd6 40. Qb6+ Ke5 41. Qc7+ Nd6 42. Qe7+ Kxd5 43. Qxg5+ Ke4 44. Qe7+ Kd5 45. a5 Re4 46. Qa7 Re1+ 47. Kf2 Rc1 48. Qa8+ Ke5 49. a6 Rc2+ 50. Ke3 Rc3+ 51. Kd2 Ne4+ 52. Qxe4+ Kxe4 53. Kxc3 1-0


[Site "https://www.chess.com"]

[Event "Titled Tuesday Blitz January 10 Late 2023"]
[White "Leiva, Gianmarco"]
[Black "Rodriguez Fontecha, Marcos"]
[WhiteFideId "3804399"]
[BlackFideId "2256576"]
[WhiteElo "2392"]
[BlackElo "2309"]
[Result "0-1"]
[Round "08"]
[TimeControl "180+2"]
[Date "2023.01.10"]
[WhiteClock "0:00:01"]
[BlackClock "0:00:15"]

1. e4 e6 2. d4 d5 3. Nd2 Nf6 4. e5 Nfd7 5. Bd3 c5 6. c3 Nc6 7. Ne2 cxd4 8. cxd4 f6 9. exf6 Qxf6 10. Nf3 h6 11. Be3 Bd6 12. a3 O-O 13. O-O Rd8 14. Rc1 Nf8 15. Bb1 Bd7 16. Qd2 Be8 17. Ng3 Rac8 18. b4 a6 19. Rfe1 Bf7 20. Ng5 hxg5 21. Rxc6 Bf4 22. Rxc8 Rxc8 23. Ne2 Bxe3 24. Qxe3 Bg6 25. Bd3 Bxd3 26. Qxd3 Rc4 27. Rd1 Ng6 28. g3 Ne7 29. h3 Nf5 30. Kg2 Nd6 31. Qe3 Ne4 32. Rc1 b5 33. Rxc4 bxc4 34. Nc3 Nxc3 35. Qxc3 Qf5 36. a4 Qe4+ 37. Kg1 Qb1+ 38. Kg2 Qb3 39. Qe1 Kf7 40. b5 axb5 41. a5 Qa3 42. Qd2 b4 43. Qxg5 Qxa5 44. Qh5+ Ke7 45. Qg5+ Kd7 46. Qxg7+ Kc6 47. Qe7 Kb5 48. Qd7+ Ka6 49. Qc6+ Qb6 50. Qa8+ Kb5 51. Qe8+ Qc6 52. Qb8+ Ka4 53. h4 c3 54. Qa7+ Kb3 55. h5 c2 56. h6 c1=Q 57. h7 Qh6 58. Qf7 Qc2 59. Qf3+ Qc3 60. Qf7 Qd3 61. Qxe6 Qe4+ 62. Qxe4 dxe4 63. d5 Qxh7 64. d6 Qd7 65. Kf1 Qxd6 66. Kg2 Qd3 0-1


[Site "https://www.chess.com"]

[Event "Titled Tuesday Blitz January 10 Late 2023"]
[White "Suvorov, Luca"]
[Black "Korchmar, Vasiliy"]
[WhiteFideId "12977071"]
[BlackFideId "24131750"]
[WhiteElo "2310"]
[BlackElo "2438"]
[Result "0-1"]
[Round "08"]
[TimeControl "180+2"]
[Date "2023.01.10"]
[WhiteClock "0:00:15"]
[BlackClock "0:01:14"]

1. d4 d5 2. c4 c6 3. Nc3 Nf6 4. e3 e6 5. Nf3 Nbd7 6. Qc2 Bd6 7. Bd3 dxc4 8. Bxc4 e5 9. O-O O-O 10. Rd1 exd4 11. Nxd4 Ne5 12. Be2 Qe7 13. h3 Ng6 14. Nf5 Bxf5 15. Qxf5 Be5 16. Qc2 Rad8 17. Bd2 Bb8 18. Be1 Qe5 19. g3 h5 20. Bc4 Qg5 21. f4 Qc5 22. Na4 Qxe3+ 23. Bf2 Rxd1+ 24. Rxd1 Qf3 25. Be2 Qe4 26. Bd3 Qf3 27. Re1 Nxf4 28. gxf4 Qxf4 29. Nc3 Qh2+ 30. Kf1 Qxh3+ 31. Ke2 Ng4 32. Kd1 Nxf2+ 33. Qxf2 Qxd3+ 34. Qd2 Qxd2+ 35. Kxd2 h4 36. Ne4 f5 37. Ng5 Bf4+ 38. Kd3 Bxg5 0-1


[Site "https://www.chess.com"]

[Event "Titled Tuesday Blitz January 10 Late 2023"]
[White "Gasparyan, David"]
[Black "Bjelobrk, Igor"]
[WhiteFideId "13311980"]
[BlackFideId "4300726"]
[WhiteElo "2142"]
[BlackElo "2403"]
[Result "0-1"]
[Round "08"]
[TimeControl "180+2"]
[Date "2023.01.10"]
[WhiteClock "0:00:15"]
[BlackClock "0:01:12"]

1. d4 d5 2. Nf3 Nf6 3. Bf4 e6 4. e3 Bd6 5. Bg3 O-O 6. Bd3 c5 7. c3 Qc7 8. Nbd2 Nbd7 9. Qe2 e5 10. dxe5 Nxe5 11. Nxe5 Bxe5 12. Bxe5 Qxe5 13. Nf3 Qe7 14. h3 Rd8 15. O-O b6 16. a4 a6 17. Rfb1 Rd6 18. b4 c4 19. Bc2 Ne4 20. Bxe4 dxe4 21. Nd2 Rg6 22. Kf1 Qg5 23. g4 Qh4 24. Qxc4 Qxh3+ 25. Ke1 Rxg4 26. Kd1 Be6 27. Qe2 h5 28. Kc2 Qh4 29. Rh1 Qg5 30. Kb2 a5 31. b5 Rc8 32. Rhc1 Qe5 33. f3 exf3 34. Qxf3 Rb4+ 35. Nb3 Rxb3+ 36. Kc2 Qxc3+ 37. Kd1 Qd3+ 38. Ke1 Rxc1+ 39. Rxc1 Qxe3+ 40. Qxe3 Rxe3+ 41. Kf2 Re4 42. Rc6 Rxa4 43. Rxb6 Rb4 44. Rb8+ Kh7 45. b6 a4 46. Kf3 a3 47. Ke3 Bd5 48. Kd3 a2 49. b7 Rxb7 50. Ra8 Rb3+ 51. Kc2 Bxa8 52. Kxb3 a1=Q 53. Kc4 Qd1 54. Kc5 Bh1 55. Kb6 f5 56. Kc7 f4 57. Kb6 f3 58. Kc5 f2 59. Kb4 f1=Q 60. Ka5 Qf5+ 61. Kb4 Qd4+ 62. Ka3 Qf3+ 63. Ka2 Qd2+ 64. Kb1 Qfd1# 0-1


[Site "https://www.chess.com"]